 Dungeon Crawl Stone Soup version 0.28-a0-1387-g3a22ab9bdc (webtiles) character file.

Game seed: 8510292068947300609

82 rogsnak the Gusty (level 4, -6/30 HPs)
             Began as a Demonspawn Air Elementalist on Jan 3, 2022.
             Mangled by a worm (8 damage)
             ... on level 3 of the Dungeon.
             The game lasted 00:05:17 (2922 turns).

rogsnak the Gusty (Demonspawn Air Elementalist)     Turns: 2922, Time: 00:05:18

Health: -6/30      AC:  2    Str:  9    XL:     4   Next: 21%
Magic:  0/7        EV: 12    Int: 18    God:
Gold:   115        SH:  4    Dex: 13    Spells: 6/7 levels left

rFire   . . .      SeeInvis .   j - +0 mace
rCold   . . .      Faith    .   (no shield)
rNeg    . . .      Spirit   .   a - +0 robe
rPois   .          Reflect  .   (no helmet)
rElec   .          Harm     .   (no cloak)
rCorr   .          Rampage  .   (no gloves)
Will    .....                   (no boots)
Stlth   ++........              (no amulet)
HPRegen 0.10/turn               (no ring)
MPRegen 0.10/turn               (no ring)

@: very slightly contaminated
A: condensation shield, weakness stinger 2
a: no special abilities


You were on level 3 of the Dungeon.
You visited 1 branch of the dungeon, and saw 3 of its levels.

You collected 115 gold pieces.

Inventory:

Hand Weapons
 g - a +0 short sword
 j - a +0 mace (weapon)
Armour
 a - a +0 robe (worn)
Scrolls
 c - a scroll of enchant weapon {unknown}
 d - 3 scrolls of identify {unknown}
 e - a scroll of enchant armour {unknown}
 h - a scroll of fear {unknown}
Potions
 b - a potion of flight {unknown}
 f - 2 potions of lignification {unknown}
 i - a potion of attraction {unknown}


   Skills:
 + Level 2.0 Dodging
 - Level 1.7 Stealth
 + Level 0.1 Shields
 + Level 2.4 Spellcasting
 * Level 2.6 Conjurations
 + Level 3.4 Air Magic


You had 6 spell levels left.
You knew the following spells:

 Your Spells              Type           Power      Damage    Failure   Level
a - Shock                 Conj/Air       52%        1d6       4%          1

Your spell library contained the following spells:

 Spells                   Type           Power      Damage    Failure   Level
 Static Discharge         Conj/Air       13%        N/A       8%          2
 Swiftness                Air            14%        N/A       13%         3
 Conjure Flame            Conj/Fire      6%         6-21      30%         3
 Airstrike                Air            7%         N/A       38%         4
 Ignite Poison            Fire/Tmut/Pois 2%         N/A       45%         3
 Sticky Flame             Conj/Fire      6%         2d3       69%         4


Dungeon Overview and Level Annotations

Branches:
Dungeon (3/15)

Altars:
Fedhas

Shops:
D:1 ?


Innate Abilities, Weirdness & Mutations

A meltable shield of frost defends you. (SH +4)
You have a tail ending in a sharp stinger.


Message History

Aiming: Shock (safe; 4% risk of failure)
Press: ? - help, Shift-Dir - straight line, f/p - worm
Aim: a worm (moderately wounded, 89% to hit)
Okay, then.
Casting: Shock (safe; 4% risk of failure)
Confirm with . or Enter, or press ? or * to list all spells.
Aiming: Shock (safe; 4% risk of failure)
Press: ? - help, Shift-Dir - straight line, f/p - worm
Aim: a worm (moderately wounded, 89% to hit)
The zap hits the worm.
The worm is moderately wounded.
The zap hits the worm.
The worm is heavily wounded.
Casting: Shock (safe; 4% risk of failure)
Confirm with . or Enter, or press ? or * to list all spells.
Aiming: Shock (safe; 4% risk of failure)
Press: ? - help, Shift-Dir - straight line, f/p - worm
Aim: a worm (heavily wounded, 89% to hit)
You miscast Shock.
You are very lightly contaminated with residual magic.
Nothing appears to happen.
Unknown command.
Casting: Shock (safe; 4% risk of failure)
Confirm with . or Enter, or press ? or * to list all spells.
Aiming: Shock (safe; 4% risk of failure)
Press: ? - help, Shift-Dir - straight line, f/p - worm
Aim: a worm (heavily wounded, 89% to hit)
The zap misses the worm.
The zap hits the worm.
The worm is heavily wounded.
The worm bites you!
* * * LOW HITPOINT WARNING * * *
Casting: Shock (safe; 4% risk of failure)
Confirm with . or Enter, or press ? or * to list all spells.
You don't have enough magic to cast this spell.
Unknown command.
Unknown command.
You hit the worm.
The worm is severely wounded.
The worm bites you!
You die...

.. #.# ... ....
..### ....# ....##
####......
#..####....#
...#####......####
(.........#####
♣♣♣♣♣♣.##...######
... #..w@....#
♣?♣. #........#
...♣..........<#
._. ♣..##########
... ♣.. .♣♣ ♣. ..
♣♣


You could see a worm.

Vanquished Creatures
  3 gnolls (D:2)
  3 worms (D:2)
  2 dart slugs
  3 bats (D:1)
  4 endoplasms
  3 giant cockroaches
  2 goblins (D:2)
  4 hobgoblins
  5 kobolds
  4 quokkas
  4 ball pythons (D:1)
  2 frilled lizards
  2 rats
41 creatures vanquished.

Notes
Turn   | Place    | Note
-------+----------+-------------------------------------------
     0 | D:1      | rogsnak the Demonspawn Air Elementalist began the quest for
                  | the Orb.
     0 | D:1      | Reached XP level 1. HP: 13/13 MP: 3/3
   534 | D:1      | Reached skill level 3 in Air Magic
   580 | D:1      | Gained mutation: A meltable shield of frost defends you.
                  | (SH +4) [demonic ancestry]
   580 | D:1      | Reached XP level 2. HP: 14/19 MP: 0/5
   901 | D:1      | Found Jogugofe's Magic Scroll Shop.
  1519 | D:2      | Gained mutation: You have a small tail. [demonic ancestry]
  1519 | D:2      | Reached XP level 3. HP: 24/24 MP: 0/6
  2196 | D:2      | Gained mutation: You have a tail ending in a sharp stinger.
                  | [demonic ancestry]
  2196 | D:2      | Reached XP level 4. HP: 30/30 MP: 0/7
  2886 | D:3      | Found a blossoming altar of Fedhas.
  2922 | D:3      | Mangled by a worm

Illustrated notes

Levels and vault maps discovered:
D:1:      arrival_zaba_pyramid, layout_rooms, serial_shops,
          nicolae_shop_behind_doors, minmay_pentomino_t4
D:2:      layout_basic
D:3:      layout_rooms, mainiacjoe_overflow_cross_hatched, kennysheep_boxes

Skill      XL: |  1  2  3  4 |
---------------+-------------+-----
Air Magic      | 3 |  3.4
Conjurations   | 2 |  2.6
Dodging        | 2 |  2.0
Stealth        | |  1.7
Shields        | |  0.1
Spellcasting   | |  2.4

Action                   |  1- 3 |  4- 6 || total
-------------------------+-------+-------++-------
Melee: Unarmed           |    35 |       ||    35
       Dagger            |     4 |       ||     4
       Short sword       |    17 |       ||    17
       Tailslap          |     1 |       ||     1
       Mace              |       |     5 ||     5
 Cast: Shock             |    92 |    27 ||   119
Armor: Robe              |    17 |       ||    17
Dodge: Dodged            |    36 |     3 ||    39
Block: Other             |     9 |       ||     9

Table legend: (Time is in decaauts)
 A = Elapsed time spent in this place.
 B = Non-inter-level travel time spent in this place.
 C = Inter-level travel time spent in this place.
 D = Time resting spent in this place.
 E = Time spent auto-exploring this place.
 F = Levels seen in this place.
 G = Mean time per level.
                   A        B        C        D        E       F      G
               +--------+--------+--------+--------+--------+-----+--------+
         Total |   2925 |   2878 |     47 |    641 |   1686 |   3 |  975.0 |
       Dungeon |   2925 |   2878 |     47 |    641 |   1686 |   3 |  975.0 |
               +--------+--------+--------+--------+--------+-----+--------+

Top non-repeatable levels by time:
     D:1: 1472 daAuts
     D:2: 1346 daAuts
     D:3: 106 daAuts
